 Dungeon Crawl Stone Soup version 0.31-a0-152-g6aa68a64a1 (webtiles) character file.

Game seed: 5490521628596347696

147 qw the Shooter (level 5, 0/33 HPs)
             Began as a Gargoyle Hunter on June 10, 2023.
             Slain by an orc
             ... wielding a +0 hand axe
              (5 damage)
             ... on level 2 of the Dungeon.
             The game lasted 00:00:40 (1663 turns).

qw the Shooter (Gargoyle Hunter)                    Turns: 1663, Time: 00:00:41

Health: 0/33       AC:  9    Str: 14    XL:     5   Next: 29%
Magic:  5/5        EV: 10    Int: 10    God:
Gold:   147        SH:  0    Dex: 15    Spells: 4/4 levels left

rFire   . . .        Y - +0 shortbow
rCold   . . .        (shield currently unavailable)
rNeg    + . .        d - +0 ring mail
rPois   inf          (no helmet)
rElec   +            (no cloak)
rCorr   .            (no gloves)
SInv    .            (no boots)
Will    .....        (no amulet)
Stlth   +            (no ring)
HPRegen 0.25/turn    (no ring)
MPRegen 0.09/turn

%: no passive effects
@: no status effects
A: sickness immunity, AC +4, negative energy resistance 1, electricity
resistance, torment resistance 1, petrification resistance
a: no special abilities


You were on level 2 of the Dungeon.
You visited 1 branch of the dungeon, and saw 3 of its levels.

You collected 147 gold pieces.


Innate Abilities, Weirdness & Mutations

You are immune to sickness and miasma.
Your stone body is resilient. (AC +4)
You are immune to poison.
You resist negative energy. (rN+)
You are resistant to electric shocks. (rElec)
You are resistant to unholy torment.
You are immune to petrification.


   Skills:
 - Level 3.8 Fighting
 + Level 5.5 Ranged Weapons
 - Level 1.0 Armour
 - Level 1.5 Dodging
 - Level 1.1 Stealth


You had 4 spell levels left.
You didn't know any spells.
Your spell library was empty.

Inventory:

Hand Weapons
 Y - a +0 shortbow (weapon)
Armour
 d - a +0 ring mail (worn)
Potions
 c - a potion of haste {unknown}
 e - a potion of lignification {unknown}
 g - a potion of might {unknown}
 i - a potion of heal wounds {unknown}

Dungeon Overview and Level Annotations

Branches:
Dungeon (3/15)

Altars:


Message History

The orc closely misses you. The orc hits you with a +0 hand axe.
You shoot an arrow. The arrow closely misses the orc.
The orc hits you but does no damage. x3; The orc closely misses you.
The goblin hits you with a +0 dagger.
You shoot an arrow. The arrow barely misses the orc.
The goblin hits you but does no damage. The orc hits you but does no damage.
You shoot an arrow. The arrow closely misses the orc.
The goblin hits you with a +0 dagger. The orc completely misses you.
You shoot an arrow. The arrow barely misses the orc.
The orc closely misses you. The goblin barely misses you.
The orc hits you with a +0 flail.
1654 ||| STAIRDANCE The orc closely misses you.
The goblin hits you with a +0 dagger. The orc hits you with a +0 flail!
The orc hits you but does no damage.
You climb upwards.
There is a stone staircase leading down here.
You shoot an arrow. The arrow barely misses the orc. x2
The orc hits you with a +0 hand axe. The orc barely misses you.
The orc hits you but does no damage. The orc hits you with a +0 flail.
You shoot an arrow. The arrow barely misses the orc.
The arrow hits the orc.
The orc is moderately wounded.
The orc hits you with a +0 hand axe. The orc barely misses you.
You shoot an arrow. The arrow hits the orc.
The orc is moderately wounded.
The orc hits you but does no damage. The orc misses you.
You shoot an arrow. The arrow closely misses the orc.
The arrow hits the orc.
The orc is severely wounded.
The orc hits you but does no damage. The orc barely misses you.
You shoot an arrow. The arrow hits the orc.
The orc is moderately wounded.
The orc hits you with a +0 hand axe. The orc barely misses you.
The orc hits you with a +0 hand axe. The orc barely misses you.
You shoot an arrow. The arrow barely misses the orc.
The arrow hits the orc!
You kill the orc!
The orc hits you but does no damage. The orc closely misses you.
You shoot an arrow. The arrow closely misses the orc.
The orc hits you with a +0 hand axe. The orc hits you but does no damage.
You shoot an arrow. The arrow barely misses the orc.
The orc hits you with a +0 hand axe.
You die...

#.# #.##.# #.# #.#
#.##.# #.#
#.#######.##.######.#
#.......#.##........####
#.#####.#.########......
#.# #.#...>......#####
#.# #g##########)# #.#
#o# #.# # #.# #@# #.# #
#.# #o# #.#####
#.#####)##########......
#....).............#####
#############.###### #
#.##########
#....(......
############


You could see 2 orcs and a goblin.

Vanquished Creatures
  A scorpion (D:2)
  3 adders
  A dart slug (D:1)
  An orc (D:2)
  7 ball pythons
  5 endoplasms
  5 giant cockroaches
  5 goblins (D:1)
  A hobgoblin (D:2)
  14 jackals
  2 kobolds
  2 bats (D:2)
  3 frilled lizards
  4 rats
54 creatures vanquished.

Notes
Turn   | Place    | Note
-------+----------+-------------------------------------------
     0 | D:1      | qw the Gargoyle Hunter began the quest for the Orb.
     0 | D:1      | Reached XP level 1. HP: 12/12 MP: 1/1
     0 | D:1      | 0 ||| qw: Version: 0.2-a-123-gb51047a
     0 | D:1      | 0 ||| qw: Game counter: 3744
     0 | D:1      | 0 ||| qw: Always use a shield: true
     0 | D:1      | 0 ||| qw: God list: Okawaru
     0 | D:1      | 0 ||| qw: Allow faded altars: false
     0 | D:1      | 0 ||| qw: Do Orc after D:15 true
     0 | D:1      | 0 ||| qw: Do second Lair branch before Depths: true
     0 | D:1      | 0 ||| qw: Lair rune preference: random
     0 | D:1      | 0 ||| qw: Plans: Normal, Zot:1-4, Slime:5, God:TSO, Crypt,
                  | Tomb, Abyss, Pan, Hells, Win
     0 | D:1      | 0 ||| PLANNING D:1-11
   229 | D:1      | Reached XP level 2. HP: 17/17 MP: 2/2
   494 | D:1      | Reached XP level 3. HP: 21/21 MP: 3/3
   613 | D:1      | Reached skill level 5 in Ranged Weapons
   786 | D:1      | 786 ||| UPGRADING to +0 ring mail.
   796 | D:1      | 796 ||| DROPPING +0 leather armour.
   797 | D:1      | 797 ||| READING scroll labelled BUPHUNA RAGI.
   798 | D:1      | 798 ||| READING scroll labelled XANWIAD FOAWK.
   799 | D:1      | 799 ||| READING scroll labelled ZUT ZUDDAO.
   800 | D:1      | 800 ||| DRINKING 2 sapphire potions.
   801 | D:1      | 801 ||| DROPPING scroll of butterflies.
   802 | D:1      | 802 ||| DROPPING potion of enlightenment.
   858 | D:2      | Reached skill level 1 in Armour
   858 | D:2      | Found a faded altar of an unknown god.
   907 | D:2      | Noticed a scorpion
   916 | D:2      | Killed a scorpion
   917 | D:2      | Reached skill level 3 in Fighting
   917 | D:2      | Reached XP level 4. HP: 17/29 MP: 4/4
  1173 | D:2      | Reached XP level 5. HP: 33/33 MP: 5/5
  1565 | D:2      | 1565 ||| READING scroll labelled QUGABUI TUXZO.
  1566 | D:2      | 1566 ||| READING scroll labelled XYAR NOIFUSO.
  1567 | D:2      | 1567 ||| READING scroll labelled ADEEMA XIUNU.
  1594 | D:3      | 1594 ||| STAIRDANCE
  1654 | D:3      | 1654 ||| STAIRDANCE
  1660 | D:2      | HP: 6/33 [orc/+0 hand axe (4)]
  1663 | D:2      | Slain by an orc

Levels and vault maps discovered:
D:1:      dpeg_arrival_stonehenge_8_columns, layout_loops_corners,
          corexii_leaking_fountain
D:2:      layout_loops_ring, chequers_ecumenical_altar_simple_redux
D:3:      minmay_octagon_keep, layout_rooms, serial_curves, eino_curves_02,
          eino_curves_04

Skill      XL: |  1  2  3 |
---------------+----------+-----
Ranged Weapons | 5 |  5.5
Armour         | 1 |  1.0
Fighting       | 3 |  3.8
Dodging        | |  1.5
Stealth        | |  1.1

Action                     |  1- 3 |  4- 6 || total
---------------------------+-------+-------++-------
   Fire: Shortbow          |    84 |    87 ||   171
    Use: Scroll            |     3 |     3 ||     6
         Potion            |     1 |       ||     1
 Armour: Leather armour    |     5 |       ||     5
         Ring mail         |    15 |    55 ||    70
  Dodge: Dodged            |    21 |    56 ||    77

Table legend:
 A = Non-vault XP
 B = Vault XP
 C = Vault XP percentage of total XP
 D = Non-vault monster count
 E = Vault monster count
 F = Vault count percentage of total count
                 A         B        C        D         E       F
            +---------+---------+-------+---------+---------+-------
      Total |     211 |       0 |   0.0 |      54 |       0 |   0.0
            +---------+---------+-------+---------+---------+-------
        D:1 |      40 |       0 |   0.0 |      22 |       0 |   0.0
        D:2 |     150 |       0 |   0.0 |      27 |       0 |   0.0
        D:3 |      21 |       0 |   0.0 |       5 |       0 |   0.0
            +---------+---------+-------+---------+---------+-------
